TOP OF THE 1ST |
New York (WIN) Mets batting - Pitching for Asheville Tourists : LHP Domenic Wells
|
Pitching: LHP Domenic Wells
|
|
Batting: RHB Michael Youngberry
|
0-0: Ball 1-0: SINGLE (Groundball, 4MD, EV 97.5 MPH)
|
Batting: SHB Masatoshi Akahoshi
|
0-0: Grounds into double play, 6-4-3 (Groundball, 6, EV 90.0 MPH)
|
Batting: RHB Andy Carrell
|
0-0: Foul Ball, location: 2RF 0-1: Ball 1-1: Ball 2-1: Ground out 1-3 (Groundball, 13, EV 71.3 MPH)
|
Top of the 1st over - 0 runs, 1 hit, 0 errors, 0 left on base; New York (WIN) 0 - Asheville 0 |
BOTTOM OF THE 1ST |
Asheville Tourists batting - Pitching for New York (WIN) Mets : RHP Eric Busby
|
Pitching: RHP Eric Busby
|
|
Batting: LHB Nick Martin
|
0-0: Bunt for hit to 13S - play at first, batter OUT! 1-3
|
Batting: RHB Chris Osting
|
0-0: Ball 1-0: Foul Ball, location: 2F 1-1: Ball 2-1: SINGLE (Line Drive, 78S, EV 98.1 MPH)
|
Batting: LHB Luke Coulter
|
0-0: Ball 1-0: Ball 2-0: Fielders Choice at 2nd, 1-6 (Groundball, P, EV 69.4 MPH)
|
Batting: RHB Wali Mulogo
|
0-0: Swinging Strike 0-1: Ball 1-1: Ball 2-1: Foul Ball, location: 2F 2-2: Ball 3-2: Base on Balls Luke Coulter to second
|
Batting: LHB Paul McClintock
|
0-0: Ball 1-0: Ball 2-0: Foul Ball, location: 2F 2-1: Ball 3-1: DOUBLE (Line Drive, 78D, EV 110.6 MPH) Luke Coulter scores Wali Mulogo to third
|
Batting: RHB John Stevenson
|
0-0: Called Strike 0-1: SINGLE (Line Drive, 3D, EV 70.6 MPH) Wali Mulogo scores Paul McClintock to third
|
Batting: LHB Harry Folsom
|
0-0: Ground out U3 (Groundball, 3, EV 89.4 MPH)
|
Bottom of the 1st over - 2 runs, 3 hits, 0 errors, 2 left on base; New York (WIN) 0 - Asheville 2 |
TOP OF THE 2ND |
New York (WIN) Mets batting - Pitching for Asheville Tourists : LHP Domenic Wells
|
Batting: LHB Miguel Ramos
|
0-0: Called Strike 0-1: Ground out 5-3 (Groundball, 5, EV 90.6 MPH)
|
Batting: RHB Oscar Bravo
|
0-0: Ball 1-0: Ball 2-0: SINGLE (Groundball, 13, EV 71.9 MPH) (infield hit)
|
Batting: RHB Sam Callahan
|
0-0: Called Strike 0-1: Ball Oscar Bravo steals 2nd base 1-1: Foul Ball, location: 2F 1-2: Ball 2-2: Ball 3-2: Foul Ball, location: 2F 3-2: Base on Balls
|
Batting: RHB Sang-ton Pak
|
0-0: Fly out, F7 (Flyball, 78M, EV 81.9 MPH)
|
Batting: RHB Enrique Aguirre
|
0-0: Ball 1-0: Called Strike 1-1: Foul Ball, location: 2F 1-2: Ball Wild Pitch! Oscar Bravo to third Sam Callahan to second 2-2: Foul Ball, location: 9LMF 2-2: Ball 3-2: Base on Balls
|
Batting: LHB Tony Leyba
|
0-0: Called Strike 0-1: Ball 1-1: Ball 2-1: Swinging Strike 2-2: Ball 3-2: Foul Ball, location: 2F 3-2: Base on Balls Oscar Bravo scores Sam Callahan to third Enrique Aguirre to second
|
Batting: RHB Michael Youngberry
|
0-0: Foul Ball, location: 2F 0-1: Called Strike 0-2: Ball 1-2: Fly out, F8 (Flyball, 78S, EV 74.4 MPH)
|
Top of the 2nd over - 1 run, 1 hit, 0 errors, 3 left on base; New York (WIN) 1 - Asheville 2 |
BOTTOM OF THE 2ND |
Asheville Tourists batting - Pitching for New York (WIN) Mets : RHP Eric Busby
|
Batting: RHB Manny Thompson
|
0-0: Ball 1-0: Ground out 1-3 (Groundball, 34S, EV 73.1 MPH)
|
Batting: RHB Bob Hayes
|
0-0: Ball 1-0: Foul Ball, location: 5DF 1-1: Swinging Strike 1-2: Ball 2-2: Strikes out swinging
|
Batting: LHB Nick Martin
|
0-0: Ball 1-0: Ground out U3 (Groundball, 3L, EV 80.6 MPH)
|
Bottom of the 2nd over - 0 runs, 0 hits, 0 errors, 0 left on base; New York (WIN) 1 - Asheville 2 |
TOP OF THE 3RD |
New York (WIN) Mets batting - Pitching for Asheville Tourists : LHP Domenic Wells
|
Batting: SHB Masatoshi Akahoshi
|
0-0: Fly out, F7 (Line Drive, 7S, EV 88.8 MPH)
|
Batting: RHB Andy Carrell
|
0-0: Called Strike 0-1: Swinging Strike 0-2: Ground out 6-3 (Groundball, 6, EV 86.3 MPH)
|
Batting: LHB Miguel Ramos
|
0-0: Called Strike 0-1: Called Strike 0-2: Strikes out swinging
|
Top of the 3rd over - 0 runs, 0 hits, 0 errors, 0 left on base; New York (WIN) 1 - Asheville 2 |
BOTTOM OF THE 3RD |
Asheville Tourists batting - Pitching for New York (WIN) Mets : RHP Eric Busby
|
Batting: RHB Chris Osting
|
0-0: Called Strike 0-1: Foul Ball, location: 9LMF 0-2: Ball 1-2: Ball 2-2: Ground out 6-3 (Groundball, 6, EV 98.8 MPH)
|
Batting: LHB Luke Coulter
|
0-0: Called Strike 0-1: Foul Ball, location: 23FF 0-2: Strikes out swinging
|
Batting: RHB Wali Mulogo
|
0-0: Ball 1-0: Called Strike 1-1: Foul Ball, location: 2F 1-2: Foul Ball, location: 2F 1-2: SINGLE (Groundball, 34D, EV 102.5 MPH)
|
Batting: LHB Paul McClintock
|
0-0: Fielders Choice at 2nd, 5-4 (Groundball, 5, EV 96.9 MPH)
|
Bottom of the 3rd over - 0 runs, 1 hit, 0 errors, 1 left on base; New York (WIN) 1 - Asheville 2 |
TOP OF THE 4TH |
New York (WIN) Mets batting - Pitching for Asheville Tourists : LHP Domenic Wells
|
Batting: RHB Oscar Bravo
|
0-0: Foul Ball, location: 7LMF 0-1: Ball 1-1: Foul Ball, location: 7LSF 1-2: Ball 2-2: Strikes out swinging
|
Batting: RHB Sam Callahan
|
0-0: Foul Ball, location: 2F 0-1: Ball 1-1: Ball 2-1: Ball 3-1: Base on Balls
|
Batting: RHB Sang-ton Pak
|
0-0: Called Strike 0-1: Swinging Strike 0-2: Fly out, F8 (Flyball, 78D, EV 106.3 MPH)
|
Batting: RHB Enrique Aguirre
|
0-0: Called Strike 0-1: Ball 1-1: Foul Ball, location: 2F 1-2: Ball 2-2: Foul Ball, location: 9LDF 2-2: SINGLE (Groundball, 15S, EV 71.9 MPH) (infield hit) Sam Callahan to second
|
Batting: LHB Tony Leyba
|
0-0: Ball 1-0: Ball 2-0: Foul Ball, location: 2F 2-1: Ball 3-1: Foul Ball, location: 2RF 3-2: Strikes out swinging
|
Top of the 4th over - 0 runs, 1 hit, 0 errors, 2 left on base; New York (WIN) 1 - Asheville 2 |
BOTTOM OF THE 4TH |
Asheville Tourists batting - Pitching for New York (WIN) Mets : RHP Eric Busby
|
Batting: RHB John Stevenson
|
0-0: Ball 1-0: Foul Ball, location: 3FF 1-1: Ball 2-1: Swinging Strike 2-2: Strikes out swinging
|
Batting: LHB Harry Folsom
|
0-0: Ball 1-0: Ball 2-0: Ground out 4-3 (Groundball, 4M, EV 83.1 MPH)
|
Batting: RHB Manny Thompson
|
0-0: Foul Ball, location: 2F 0-1: Ball 1-1: Ball 2-1: Ball 3-1: Ground out 6-3 (Groundball, 6, EV 76.9 MPH)
|
Bottom of the 4th over - 0 runs, 0 hits, 0 errors, 0 left on base; New York (WIN) 1 - Asheville 2 |
TOP OF THE 5TH |
New York (WIN) Mets batting - Pitching for Asheville Tourists : LHP Domenic Wells
|
Batting: RHB Michael Youngberry
|
0-0: Ball 1-0: Foul Ball, location: 25FF 1-1: Fly out, F8 (Flyball, 8LM, EV 91.3 MPH)
|
Batting: SHB Masatoshi Akahoshi
|
0-0: Called Strike 0-1: Foul Ball, location: 9LMF 0-2: Strikes out looking
|
Batting: RHB Andy Carrell
|
0-0: Ball 1-0: Ball 2-0: Ball 3-0: Called Strike 3-1: Fly out, F8 (Flyball, 8LXD, EV 108.1 MPH)
|
Top of the 5th over - 0 runs, 0 hits, 0 errors, 0 left on base; New York (WIN) 1 - Asheville 2 |
BOTTOM OF THE 5TH |
Asheville Tourists batting - Pitching for New York (WIN) Mets : RHP Eric Busby
|
Batting: RHB Bob Hayes
|
0-0: Ball 1-0: Called Strike 1-1: Ground out 6-3 (Groundball, 56, EV 107.5 MPH)
|
Batting: LHB Nick Martin
|
0-0: Fly out, F7 (Flyball, 7, EV 91.9 MPH)
|
Batting: RHB Chris Osting
|
0-0: Ball 1-0: Fly out, F7 (Flyball, 78M, EV 83.1 MPH)
|
Bottom of the 5th over - 0 runs, 0 hits, 0 errors, 0 left on base; New York (WIN) 1 - Asheville 2 |
TOP OF THE 6TH |
New York (WIN) Mets batting - Pitching for Asheville Tourists : LHP Domenic Wells
|
Pitching: RHP Ricky de la Rosa
|
|
Batting: LHB Miguel Ramos
|
0-0: Foul Ball, location: 23F 0-1: Ball 1-1: Foul Ball, location: 7LSF 1-2: Ball 2-2: Ball 3-2: SINGLE (Groundball, 4MD, EV 102.5 MPH)
|
Batting: RHB Oscar Bravo
|
0-0: Ball 1-0: Foul Ball, location: 3F 1-1: Foul Ball, location: 2F 1-2: Fly out, F7 (Flyball, 7LS, EV 89.4 MPH)
|
Batting: RHB Sam Callahan
|
0-0: Called Strike 0-1: Ball 1-1: Called Strike 1-2: Foul Ball, location: 2F 1-2: Strikes out swinging
|
Batting: RHB Sang-ton Pak
|
0-0: Fly out, F9 (Flyball, 89S, EV 90.6 MPH)
|
Top of the 6th over - 0 runs, 1 hit, 0 errors, 1 left on base; New York (WIN) 1 - Asheville 2 |
BOTTOM OF THE 6TH |
Asheville Tourists batting - Pitching for New York (WIN) Mets : RHP Eric Busby
|
Batting: LHB Luke Coulter
|
0-0: Foul Ball, location: 2F 0-1: SOLO HOME RUN (Flyball, 8LXD, EV 103.8 MPH), Distance : 429 ft
|
Batting: RHB Wali Mulogo
|
0-0: Swinging Strike 0-1: Ball 1-1: Called Strike 1-2: Strikes out swinging
|
Batting: LHB Paul McClintock
|
0-0: Ball 1-0: Foul Ball, location: 2F 1-1: Ground out 3-1 (Groundball, 34S, EV 87.5 MPH)
|
Batting: RHB John Stevenson
|
0-0: Fly out, F7 (Flyball, 78D, EV 88.8 MPH)
|
Bottom of the 6th over - 1 run, 1 hit, 0 errors, 0 left on base; New York (WIN) 1 - Asheville 3 |
TOP OF THE 7TH |
New York (WIN) Mets batting - Pitching for Asheville Tourists : RHP Ricky de la Rosa
|
Batting: RHB Enrique Aguirre
|
0-0: Fly out, F9 (Flyball, 89S, EV 90.6 MPH)
|
Batting: LHB Tony Leyba
|
0-0: Swinging Strike 0-1: SINGLE (Line Drive, 7LS, EV 94.4 MPH)
|
Pinch Hitting: LHB Dan Bremseth
|
0-0: Foul Ball, location: 2F 0-1: Ball 1-1: Foul Ball, location: 2F 1-2: Ball 2-2: Ball 3-2: Strikes out swinging
|
Batting: SHB Masatoshi Akahoshi
|
0-0: Ball 1-0: Ball 2-0: Foul Ball, location: 7LMF 2-1: Ball Wild Pitch! Tony Leyba to second 3-1: Ground out 6-3 (Groundball, 6, EV 80.0 MPH)
|
Top of the 7th over - 0 runs, 1 hit, 0 errors, 1 left on base; New York (WIN) 1 - Asheville 3 |
BOTTOM OF THE 7TH |
Asheville Tourists batting - Pitching for New York (WIN) Mets : RHP Eric Busby
|
Now in LF: Dan Bremseth
|
|
Now in RF: Andy Carrell
|
|
Batting: LHB Harry Folsom
|
0-0: Swinging Strike 0-1: Ball 1-1: Called Strike 1-2: Fly out, F8 (Flyball, 8LD, EV 107.5 MPH)
|
Batting: RHB Manny Thompson
|
0-0: Called Strike 0-1: Ground out 4-3 (Groundball, 4, EV 81.3 MPH)
|
Batting: RHB Bob Hayes
|
0-0: Ball 1-0: Ball 2-0: SINGLE (Flyball, 4D, EV 93.8 MPH)
|
Batting: LHB Nick Martin
|
0-0: SINGLE (Groundball, 6D, EV 100.6 MPH) Bob Hayes to second
|
Batting: RHB Chris Osting
|
0-0: Ball 1-0: Foul Ball, location: 5F 1-1: Ball 2-1: Fly out, F7 (Flyball, 7, EV 75.6 MPH)
|
Bottom of the 7th over - 0 runs, 2 hits, 0 errors, 2 left on base; New York (WIN) 1 - Asheville 3 |
TOP OF THE 8TH |
New York (WIN) Mets batting - Pitching for Asheville Tourists : RHP Ricky de la Rosa
|
Batting: RHB Andy Carrell
|
0-0: SINGLE (Line Drive, 6D, EV 94.4 MPH)
|
Batting: LHB Miguel Ramos
|
0-0: Ball 1-0: Fly out, F7 (Line Drive, 7, EV 86.3 MPH)
|
Pitching: RHP Lorenzo Pacheco
|
|
Pinch Hitting: LHB Bayesa Mundhir
|
0-0: Called Strike 0-1: Ball 1-1: Called Strike 1-2: Foul Ball, location: 2F 1-2: Foul Ball, location: 9LSF 1-2: Ball 2-2: Ball 3-2: Grounds into double play, 4-6-3 (Groundball, 34S, EV 87.5 MPH)
|
Top of the 8th over - 0 runs, 1 hit, 0 errors, 0 left on base; New York (WIN) 1 - Asheville 3 |
BOTTOM OF THE 8TH |
Asheville Tourists batting - Pitching for New York (WIN) Mets : RHP Eric Busby
|
Now at 2B: Jason Evans
|
|
Now at SS: Masatoshi Akahoshi
|
|
Batting: LHB Luke Coulter
|
0-0: Called Strike 0-1: Foul Ball, location: 3F, Error on foul ball, E3 0-2: Fly out, F8 (Line Drive, 8LD, EV 96.9 MPH)
|
Batting: RHB Wali Mulogo
|
0-0: Called Strike 0-1: Ground out U3 (Groundball, 34S, EV 88.8 MPH)
|
Batting: LHB Paul McClintock
|
0-0: Ball 1-0: Ground out 6-3 (Groundball, 6, EV 80.0 MPH)
|
Bottom of the 8th over - 0 runs, 0 hits, 1 error, 0 left on base; New York (WIN) 1 - Asheville 3 |
TOP OF THE 9TH |
New York (WIN) Mets batting - Pitching for Asheville Tourists : RHP Lorenzo Pacheco
|
Now at 1B: Brad Madden
|
|
Now in LF: Zakhar Edelman
|
|
Batting: RHB Sam Callahan
|
0-0: Ball 1-0: Foul Ball, location: 2RF 1-1: SINGLE (Flyball, 34D, EV 91.9 MPH)
|
Batting: RHB Sang-ton Pak
|
0-0: Ball 1-0: Ball 2-0: Ball 3-0: Base on Balls Sam Callahan to second
|
Batting: RHB Enrique Aguirre
|
0-0: Ground out 6-3 (Groundball, P, EV 91.9 MPH) Sam Callahan to third Sang-ton Pak to second
|
Batting: LHB Tony Leyba
|
0-0: Called Strike 0-1: Foul Ball, location: 7LMF 0-2: Ball 1-2: Ball 2-2: Ball 3-2: SINGLE (Groundball, 56D, EV 100.6 MPH) Sam Callahan scores Sang-ton Pak to third Runner from 3rd tries for Home, SAFE, throw by LF to home
|
Batting: LHB Dan Bremseth
|
0-0: Called Strike 0-1: SINGLE (Groundball, 34, EV 101.3 MPH) Tony Leyba to second Runner from 2nd tries for 3rd, SAFE, throw by RF made to third
|
Batting: SHB Masatoshi Akahoshi
|
0-0: Ball 1-0: Called Strike 1-1: Ball 2-1: Foul Ball, location: 2F 2-2: Fly out, F6 (Popup, 6D, EV 41.3 MPH)
|
Batting: RHB Andy Carrell
|
0-0: Ball 1-0: Called Strike 1-1: Called Strike 1-2: Fly out, F8 (Line Drive, 8RM, EV 89.4 MPH)
|
Top of the 9th over - 2 runs, 3 hits, 0 errors, 2 left on base; New York (WIN) 3 - Asheville 3 |
BOTTOM OF THE 9TH |
Asheville Tourists batting - Pitching for New York (WIN) Mets : RHP Eric Busby
|
Pinch Hitting: SHB Jeff Sorrels
|
0-0: Ball 1-0: Called Strike 1-1: Ground out 6-3 (Groundball, 6D, EV 80.0 MPH)
|
Batting: LHB Harry Folsom
|
0-0: Ball 1-0: SINGLE (Line Drive, 9S, EV 96.3 MPH)
|
Pitching: RHP Ryan Wilson
|
|
Batting: RHB Manny Thompson
|
0-0: Swinging Strike 0-1: Grounds into double play, 6-4-3 (Groundball, 6M, EV 83.8 MPH)
|
Bottom of the 9th over - 0 runs, 1 hit, 0 errors, 0 left on base; New York (WIN) 3 - Asheville 3 |
TOP OF THE 10TH |
New York (WIN) Mets batting - Pitching for Asheville Tourists : RHP Lorenzo Pacheco
|
Pitching: RHP Chu-ho Yi
|
|
Now in CF: Jerry Santana
|
|
Batting: LHB Miguel Ramos
|
0-0: Ball 1-0: Ball 2-0: Fly out, F7 (Flyball, 7LMF, EV 92.5 MPH)
|
Batting: SHB Jason Evans
|
0-0: Called Strike 0-1: Ground out U3 (Groundball, 34S, EV 86.9 MPH)
|
Batting: RHB Sam Callahan
|
0-0: Ball 1-0: Ball 2-0: Ground out 4-3 (Groundball, 34D, EV 95.6 MPH)
|
Top of the 10th over - 0 runs, 0 hits, 0 errors, 0 left on base; New York (WIN) 3 - Asheville 3 |
BOTTOM OF THE 10TH |
Asheville Tourists batting - Pitching for New York (WIN) Mets : RHP Ryan Wilson
|
Pitching: RHP Alastair Henry
|
|
Pinch Hitting: LHB Daniel Green
|
0-0: Ball 1-0: Ball 2-0: Swinging Strike 2-1: Foul Ball, location: 2F 2-2: Foul Ball, location: 7LMF 2-2: Strikes out swinging
|
Batting: LHB Nick Martin
|
0-0: Called Strike 0-1: Swinging Strike 0-2: Strikes out swinging
|
Batting: RHB Zakhar Edelman
|
0-0: Ball 1-0: Fly out, F8 (Flyball, 8LXD, EV 106.3 MPH)
|
Bottom of the 10th over - 0 runs, 0 hits, 0 errors, 0 left on base; New York (WIN) 3 - Asheville 3 |
TOP OF THE 11TH |
New York (WIN) Mets batting - Pitching for Asheville Tourists : RHP Chu-ho Yi
|
Now at 2B: Paul McClintock
|
|
Now at 3B: Daniel Green
|
|
Now at SS: Harry Folsom
|
|
Batting: RHB Sang-ton Pak
|
0-0: Called Strike 0-1: Ball 1-1: Foul Ball, location: 2F 1-2: Fly out, F8 (Flyball, 8RD, EV 93.1 MPH)
|
Batting: RHB Enrique Aguirre
|
0-0: Ground out 6-3 (Groundball, 6, EV 103.1 MPH)
|
Batting: LHB Tony Leyba
|
0-0: Swinging Strike 0-1: Called Strike 0-2: Foul Ball, location: 2F 0-2: Foul Ball, location: 2F 0-2: SINGLE (Groundball, 4S, EV 71.9 MPH) (infield hit)
|
Batting: LHB Dan Bremseth
|
0-0: Ball 1-0: Ball 2-0: Ball 3-0: Called Strike 3-1: Foul Ball, location: 2LF 3-2: SINGLE (Line Drive, 8RS, EV 100.6 MPH) Tony Leyba to second Tony Leyba to third
|
Batting: SHB Masatoshi Akahoshi
|
0-0: Ball 1-0: Called Strike Dan Bremseth steals 2nd base (no throw) 1-1: Swinging Strike 1-2: Strikes out swinging
|
Top of the 11th over - 0 runs, 2 hits, 0 errors, 2 left on base; New York (WIN) 3 - Asheville 3 |
BOTTOM OF THE 11TH |
Asheville Tourists batting - Pitching for New York (WIN) Mets : RHP Alastair Henry
|
Batting: SHB Brad Madden
|
0-0: Fly out, F9 (Line Drive, 9S, EV 96.9 MPH)
|
Batting: RHB Wali Mulogo
|
0-0: Swinging Strike 0-1: Foul Ball, location: 2F 0-2: Ball 1-2: Strikes out looking
|
Batting: LHB Paul McClintock
|
0-0: Foul Ball, location: 23F 0-1: Ball 1-1: Ground out 4-3 (Groundball, 4, EV 83.8 MPH)
|
Bottom of the 11th over - 0 runs, 0 hits, 0 errors, 0 left on base; New York (WIN) 3 - Asheville 3 |
TOP OF THE 12TH |
New York (WIN) Mets batting - Pitching for Asheville Tourists : RHP Chu-ho Yi
|
Batting: RHB Andy Carrell
|
0-0: Foul Ball, location: 2F 0-1: Ball 1-1: Foul Ball, location: 2F 1-2: Ball 2-2: Fly out, F9 (Line Drive, 9LM, EV 90.6 MPH)
|
Batting: LHB Miguel Ramos
|
0-0: Ball 1-0: SINGLE (Groundball, 34D, EV 96.9 MPH)
|
Batting: SHB Jason Evans
|
0-0: Ball 1-0: Ball 2-0: Ball 3-0: Base on Balls Miguel Ramos to second
|
Batting: RHB Sam Callahan
|
0-0: Ball 1-0: Ball 2-0: Called Strike 2-1: Ball 3-1: Base on Balls Miguel Ramos to third Jason Evans to second
|
Batting: RHB Sang-ton Pak
|
0-0: Ball 1-0: Ball 2-0: Ball 3-0: Base on Balls Miguel Ramos scores Jason Evans to third Sam Callahan to second
|
Batting: RHB Enrique Aguirre
|
0-0: Foul Ball, location: 2F 0-1: Foul Ball, location: 2F 0-2: Ball 1-2: Foul Ball, location: 2F 1-2: Foul Ball, location: 2F 1-2: Fly out, F9 (Line Drive, 9, EV 106.9 MPH) Runner from 3rd tags up, SCORES, throw by RF Sam Callahan to third
|
Batting: LHB Tony Leyba
|
0-0: Called Strike 0-1: Fly out, F7 (Line Drive, 7S, EV 99.4 MPH)
|
Top of the 12th over - 2 runs, 1 hit, 0 errors, 2 left on base; New York (WIN) 5 - Asheville 3 |
BOTTOM OF THE 12TH |
Asheville Tourists batting - Pitching for New York (WIN) Mets : RHP Alastair Henry
|
Pitching: RHP Casey Cuomo
|
|
Batting: LHB Jerry Santana
|
0-0: Called Strike 0-1: Ball 1-1: Foul Ball, location: 2F 1-2: Fly out, F4 (Line Drive, 34D, EV 68.1 MPH)
|
Batting: LHB Harry Folsom
|
0-0: Ball 1-0: Called Strike 1-1: Foul Ball, location: 9LMF 1-2: Strikes out swinging
|
Batting: RHB Manny Thompson
|
0-0: Called Strike 0-1: Hit by Pitch
|
Batting: LHB Daniel Green
|
0-0: Ball 1-0: Foul Ball, location: 5DF 1-1: Swinging Strike 1-2: SINGLE (Line Drive, 4D, EV 106.9 MPH) Manny Thompson to second
|
Pinch Runner at 2nd Doug D'Onofrio:
|
|
Batting: LHB Nick Martin
|
0-0: Called Strike 0-1: Foul Ball, location: 25F 0-2: Strikes out swinging
|
Bottom of the 12th over - 0 runs, 1 hit, 0 errors, 2 left on base; New York (WIN) 5 - Asheville 3 |
|